 Dungeon Crawl Stone Soup version 0.31-a0-180-g519b7de00c (webtiles) character file.

Game seed: 12235096897108293161

341 qw the Shooter (level 6, 0/56 HPs)
             Began as a Naga Hunter on June 19, 2023.
             Was an Initiate of Okawaru.
             Slain by Pikel
             ... wielding a +1 whip of freezing
              (10 damage)
             ... on level 5 of the Dungeon.
             The game lasted 00:01:09 (3059 turns).

qw the Shooter (Naga Hunter)                        Turns: 3059, Time: 00:01:09

Health: 0/56       AC:  7    Str: 14    XL:     6   Next: 56%
Magic:  5/7        EV: 12    Int:  9    God:    Okawaru [......]
Gold:   374        SH:  5    Dex: 22    Spells: 5/5 levels left

rFire   . . .        Y - +0 shortbow (flame)
rCold   . . .        (shield currently unavailable)
rNeg    . . .        c - +0 leather armour
rPois   +            (no helmet)
rElec   .            d - +2 cloak
rCorr   +            (no gloves)
SInv    +            (no barding)
Will    .....        b - amulet of reflection
Stlth   ++++         e - ring of resist corrosion
HPRegen 0.29/turn    h - +6 ring of dexterity
MPRegen 0.10/turn

%: reflection
@: about to teleport, short of breath, heroic, grasped by roots, constricted,
very slow
A: AC +2, large, see invisible, deformed body, poison resistance, slowness 2,
spit poison 1, naga tail 1
a: Spit Poison, Renounce Religion


You were on level 5 of the Dungeon.
You worshipped Okawaru.
Okawaru was noncommittal.
You visited 1 branch of the dungeon, and saw 5 of its levels.

You collected 374 gold pieces.


Innate Abilities, Weirdness & Mutations

Your serpentine skin is tough. (AC +2)
You have supernaturally acute eyesight. (SInv)
Armour fits poorly on your strangely shaped body.
Your system is resistant to poisons. (rPois)
You cover ground very slowly.
You can spit poison.
You have a snake-like lower body.


   Skills:
 - Level 3.0(8.0) Fighting
 + Level 5.8(10.8) Ranged Weapons
 - Level 2.8(7.8) Dodging
 - Level 1.5(6.5) Stealth
 - Level 1.6 Invocations


You had 5 spell levels left.
You didn't know any spells.
Your spell library was empty.

Inventory:

Hand Weapons
 Y - a +0 shortbow of flaming (weapon)
Armour
 c - a +0 leather armour (worn)
 d - a +2 cloak (worn)
 m - the +1 robe "Farhukla" {rPois Dex+3}
   (You found it on level 5 of the Dungeon)

   Dex:       It affects your dexterity (+3).
   rPois:     It protects you from poison.
Jewellery
 b - an amulet of reflection (around neck)
 e - a ring of resist corrosion (left hand)
 h - a +6 ring of dexterity (right hand)
 k - a +6 ring of strength
Scrolls
 a - 5 scrolls of identify
 j - 2 scrolls of immolation {unknown}
Potions
 f - 3 potions of curing
 g - 3 potions of heal wounds
 l - a potion of mutation {unknown}

Dungeon Overview and Level Annotations

Branches:
Dungeon (5/15)
 Temple: D:4-7

Altars:
Cheibriados
Nemelex Xobeh
Okawaru
Vehumet
Xom

Annotations:
D:5 Pikel


Message History

You shoot an arrow. The arrow hits the lemure.
The arrow burns the lemure.
The lemure is lightly wounded.
The lemure completely misses you.
You shoot an arrow.
The arrow hits the lemure but does no damage.
The lemure is lightly wounded.
The lemure barely misses you.
Pikel drinks a potion.
Pikel seems to speed up.
You shoot an arrow. The arrow closely misses the lemure.
You shoot an arrow. The arrow hits Pikel.
The arrow burns Pikel.
Pikel is lightly wounded.
Pikel hits you with a +1 whip of freezing!
Pikel freezes you.
You shoot an arrow.
The arrow hits Pikel but does no damage.
Pikel is lightly wounded.
You have got your breath back.
Pikel closely misses you.
3057 ||| INVOKING Spit Poison.
Aiming: Spit Poison (1% risk of failure)
Press: ? - help, Shift-Dir - straight line, f/p - Pikel The splash of poison misses Pikel.
Pikel waves his whip at you.
Pikel hits you with a +1 whip of freezing.
Pikel freezes you. The lemure hits you.
A lemure comes into view.
Pikel zaps a wand.
The roots erupt in riotous growth!
The grasping roots grab you!
Pikel is unaffected.
The lemure is unaffected.
The grasping roots constrict you.
You hear a bark!
You shoot an arrow.
The arrow hits Pikel but does no damage.
Pikel is lightly wounded.
Pikel hits you with a +1 whip of freezing.
Pikel freezes you. The grasping roots constrict you.
You block the lemure's attack.
3059 ||| READING scroll of teleportation.
As you read the scroll of teleportation, it crumbles to dust.
You feel strangely unstable.
Pikel hits you with a +1 whip of freezing!
You die...

###########
#.........##
#########.#######...
####$K.#.....# #.##
...K...#@#.....# #.#
######.5.......# #.#
#####..##.# #.##
#..##.# #.##
#...#.#######...
......).........
##...###.###.....
#.............<.
#..###..........


You could see Pikel (fast) and a lemure.

Vanquished Creatures
  2 lemures (D:5)
  Blork the orc (D:4)
  A scorpion (D:5)
  A hound (D:5)
  2 iguanas
  4 adders
  A white imp (D:5)
  A worm (D:2)
  4 dart slugs
  7 bats
  9 endoplasms
  3 giant cockroaches
  10 goblins
  5 hobgoblins
  11 kobolds
  4 quokkas
  5 ball pythons
  4 frilled lizards
  6 rats
81 creatures vanquished.

Notes
Turn   | Place    | Note
-------+----------+-------------------------------------------
     0 | D:1      | qw the Naga Hunter began the quest for the Orb.
     0 | D:1      | Reached XP level 1. HP: 19/19 MP: 1/1
     0 | D:1      | 0 ||| qw: Version: 0.3-a-7-ge0c9b40
     0 | D:1      | 0 ||| qw: Game counter: 1050
     0 | D:1      | 0 ||| qw: Always use a shield: true
     0 | D:1      | 0 ||| qw: God list: Okawaru
     0 | D:1      | 0 ||| qw: Allow faded altars: false
     0 | D:1      | 0 ||| qw: Do Orc after D:15 true
     0 | D:1      | 0 ||| qw: Do second Lair branch before Depths: true
     0 | D:1      | 0 ||| qw: Lair rune preference: random
     0 | D:1      | 0 ||| qw: Plans: Normal
     0 | D:1      | 0 ||| PLANNING D:1-11
     8 | D:1      | 8 ||| INVOKING Spit Poison.
    16 | D:1      | 16 ||| INVOKING Spit Poison.
    24 | D:1      | 24 ||| INVOKING Spit Poison.
    30 | D:1      | 30 ||| INVOKING Spit Poison.
    31 | D:1      | 31 ||| INVOKING Spit Poison.
    49 | D:1      | 49 ||| INVOKING Spit Poison.
    53 | D:1      | Reached skill level 4 in Ranged Weapons
    53 | D:1      | Reached XP level 2. HP: 26/26 MP: 2/2
    74 | D:1      | 74 ||| INVOKING Spit Poison.
   114 | D:1      | 114 ||| INVOKING Spit Poison.
   125 | D:1      | 125 ||| INVOKING Spit Poison.
   158 | D:1      | 158 ||| UPGRADING to +2 cloak.
   163 | D:1      | 163 ||| INVOKING Spit Poison.
   166 | D:1      | 166 ||| INVOKING Spit Poison.
   203 | D:1      | 203 ||| INVOKING Spit Poison.
   284 | D:1      | 284 ||| INVOKING Spit Poison.
   287 | D:1      | 287 ||| INVOKING Spit Poison.
   292 | D:1      | 292 ||| INVOKING Spit Poison.
   388 | D:1      | 388 ||| INVOKING Spit Poison.
   393 | D:1      | 393 ||| INVOKING Spit Poison.
   395 | D:1      | Reached XP level 3. HP: 32/32 MP: 3/3
   415 | D:1      | 415 ||| INVOKING Spit Poison.
   437 | D:1      | 437 ||| INVOKING Spit Poison.
   438 | D:1      | 438 ||| INVOKING Spit Poison.
   538 | D:1      | 538 ||| INVOKING Spit Poison.
   546 | D:1      | 546 ||| READING 2 scrolls labelled QIJOEHIEZO.
   547 | D:1      | 547 ||| DROPPING scroll of butterflies.
   570 | D:2      | 570 ||| INVOKING Spit Poison.
   576 | D:2      | Found a faded altar of an unknown god.
   667 | D:2      | 667 ||| INVOKING Spit Poison.
   675 | D:2      | 675 ||| INVOKING Spit Poison.
   685 | D:2      | 685 ||| INVOKING Spit Poison.
   703 | D:2      | 703 ||| INVOKING Spit Poison.
   717 | D:2      | 717 ||| INVOKING Spit Poison.
   721 | D:2      | 721 ||| INVOKING Spit Poison.
   728 | D:2      | 728 ||| INVOKING Spit Poison.
   733 | D:2      | Identified the +2 flail "String" {drain, Fly Str+2 Stlth+}
   804 | D:2      | 804 ||| INVOKING Spit Poison.
   814 | D:2      | 814 ||| INVOKING Spit Poison.
   824 | D:2      | 824 ||| INVOKING Spit Poison.
   825 | D:2      | Reached skill level 5 in Ranged Weapons
   831 | D:2      | 831 ||| INVOKING Spit Poison.
   832 | D:2      | Reached XP level 4. HP: 37/39 MP: 4/4
   865 | D:2      | 865 ||| INVOKING Spit Poison.
   891 | D:2      | 891 ||| INVOKING Spit Poison.
   954 | D:2      | 954 ||| INVOKING Spit Poison.
   955 | D:2      | 955 ||| INVOKING Spit Poison.
  1194 | D:2      | 1194 ||| READING scroll labelled MERUMOTATA.
  1195 | D:2      | 1195 ||| READING scroll labelled BYHOMO UDITO.
  1196 | D:2      | 1196 ||| DRINKING 2 dark potions.
  1197 | D:2      | 1197 ||| READING 3 scrolls of identify.
  1197 | D:2      | 1197 ||| IDENTIFYING fuming grey potion
  1198 | D:2      | 1198 ||| READING 2 scrolls of identify.
  1198 | D:2      | 1198 ||| IDENTIFYING brown potion
  1199 | D:2      | 1199 ||| DROPPING potion of berserk rage.
  1229 | D:3      | 1229 ||| INVOKING Spit Poison.
  1292 | D:3      | 1292 ||| INVOKING Spit Poison.
  1323 | D:3      | 1323 ||| INVOKING Spit Poison.
  1363 | D:3      | 1363 ||| INVOKING Spit Poison.
  1366 | D:3      | 1366 ||| INVOKING Spit Poison.
  1403 | D:3      | 1403 ||| INVOKING Spit Poison.
  1449 | D:3      | 1449 ||| INVOKING Spit Poison.
  1470 | D:3      | 1470 ||| INVOKING Spit Poison.
  1602 | D:3      | Reached skill level 3 in Fighting
  1614 | D:3      | 1614 ||| INVOKING Spit Poison.
  1661 | D:3      | 1661 ||| INVOKING Spit Poison.
  1699 | D:3      | 1699 ||| INVOKING Spit Poison.
  1980 | D:3      | 1980 ||| DROPPING amulet of magic regeneration.
  1981 | D:3      | 1981 ||| UPGRADING to ring of resist corrosion.
  1982 | D:3      | 1982 ||| READING scroll labelled SUXUMUVETI.
  1983 | D:3      | 1983 ||| READING scroll labelled TOESHR LAOPT.
  2229 | D:4      | 2229 ||| INVOKING Spit Poison.
  2267 | D:4      | 2267 ||| INVOKING Spit Poison.
  2363 | D:4      | 2363 ||| INVOKING Spit Poison.
  2384 | D:4      | Found a sparkling altar of Nemelex Xobeh.
  2384 | D:4      | Found a snail-covered altar of Cheibriados.
  2385 | D:4      | Found an iron altar of Okawaru.
  2386 | D:4      | 2386 ||| PLANNING OKAWARU WORSHIP
  2386 | D:4      | 2386 ||| UPGRADING to amulet of reflection.
  2391 | D:4      | 2391 ||| UPGRADING to +6 ring of dexterity.
  2399 | D:4      | Became a worshipper of Warmaster Okawaru
  2400 | D:4      | 2400 ||| PLANNING D:1-11
  2431 | D:4      | 2431 ||| INVOKING Spit Poison.
  2433 | D:4      | Reached XP level 5. HP: 49/49 MP: 5/5
  2441 | D:4      | Noticed Blork the orc
  2442 | D:4      | 2442 ||| INVOKING Spit Poison.
  2445 | D:4      | 2445 ||| INVOKING Spit Poison.
  2449 | D:4      | Killed Blork the orc
  2540 | D:4      | 2540 ||| INVOKING Spit Poison.
  2758 | D:4      | 2758 ||| READING scroll labelled XEFES YPYEGRU.
  2784 | D:5      | Entered Level 5 of the Dungeon
  2836 | D:5      | 2836 ||| INVOKING Spit Poison.
  2867 | D:5      | 2867 ||| INVOKING Spit Poison.
  2867 | D:5      | Reached * piety under Okawaru
  2868 | D:5      | Reached XP level 6. HP: 56/56 MP: 6/6
  2871 | D:5      | 2871 ||| INVOKING Spit Poison.
  2872 | D:5      | Reached skill level 1 in Invocations
  2902 | D:5      | Found a radiant altar of Vehumet.
  2907 | D:5      | Found a shimmering altar of Xom.
  2990 | D:5      | Identified the +1 robe "Farhukla" {rPois Dex+3}
  2999 | D:5      | 2999 ||| INVOKING Spit Poison.
  3026 | D:5      | 3026 ||| INVOKING Spit Poison.
  3033 | D:5      | 3033 ||| INVOKING Spit Poison.
  3034 | D:5      | 3034 ||| INVOKING Heroism.
  3038 | D:5      | 3038 ||| INVOKING Spit Poison.
  3046 | D:5      | 3046 ||| INVOKING Spit Poison.
  3046 | D:5      | Noticed Pikel
  3049 | D:5      | 3049 ||| INVOKING Heroism.
  3050 | D:5      | 3050 ||| Stepping ~*~*~tactically~*~*~ (outnumbered).
  3051 | D:5      | 3051 ||| INVOKING Spit Poison.
  3057 | D:5      | 3057 ||| INVOKING Spit Poison.
  3058 | D:5      | HP: 13/56 [Pikel/+1 whip of freezing (2)]
  3059 | D:5      | 3059 ||| READING scroll of teleportation.
  3059 | D:5      | Slain by Pikel

Levels and vault maps discovered:
D:1:      mrwooster_arrival_statue_3, layout_basic, minmay_gold_behind_fungi
D:2:      layout_basic, hellmonk_ecumenical_altar_crossroads,
          chequers_hall_statues_y, fountainhead, minmay_octomino_j4
D:3:      layout_loops_cross, minmay_distorted
D:4:      layout_basic, chequers_temple_overflow_statue_of_worship,
          uniq_blork_the_orc
D:5:      layout_loops_ring, mainiacjoe_overflow_large_starburst, uniq_pikel

Skill      XL: |  1  2  3  4  5  6 |
---------------+-------------------+-----
Ranged Weapons | 4 5 |  5.8
Fighting       | 3 |  3.0
Dodging        | 2 |  2.8
Invocations    | 1 |  1.6
Stealth        | |  1.5

Action                     |  1- 3 |  4- 6 || total
---------------------------+-------+-------++-------
   Fire: Shortbow          |    64 |    90 ||   154
 Invoke: Heroism           |       |     2 ||     2
Ability: Spit Poison       |    31 |    31 ||    62
    Use: Scroll            |     1 |     8 ||     9
         Potion            |       |     1 ||     1
 Armour: Leather armour    |    10 |     9 ||    19
  Dodge: Dodged            |    12 |    11 ||    23
  Block: Other             |       |     1 ||     1

Table legend:
 A = Non-vault XP
 B = Vault XP
 C = Vault XP percentage of total XP
 D = Non-vault monster count
 E = Vault monster count
 F = Vault count percentage of total count
                 A         B        C        D         E       F
            +---------+---------+-------+---------+---------+-------
      Total |     381 |     107 |  21.9 |      73 |       6 |   7.6
            +---------+---------+-------+---------+---------+-------
        D:1 |      44 |       0 |   0.0 |      27 |       0 |   0.0
        D:2 |      40 |       5 |  11.1 |      14 |       3 |  17.6
        D:3 |      49 |       3 |   5.8 |      16 |       2 |  11.1
        D:4 |      70 |      99 |  58.6 |      11 |       1 |   8.3
        D:5 |     178 |       0 |   0.0 |       5 |       0 |   0.0
            +---------+---------+-------+---------+---------+-------
